 Dungeon Crawl Stone Soup version 0.27-a0-1119-gbf574a6a6b (webtiles) character file.

Game seed: 941192603158417734

1145 Mels the Cutter (level 8, -1/48 HPs)
             Began as a Kobold Hunter on May 3, 2021.
             Was a Believer of Okawaru.
             Killed from afar by a white imp (13 damage)
             ... with a puff of frost
             ... on level 5 of the Dungeon.
             The game lasted 00:09:17 (5793 turns).

Mels the Cutter (Kobold Hunter)                     Turns: 5793, Time: 00:09:17

Health: -1/48      AC:  7    Str:  9    XL:     8   Next: 64%
Magic:  8/8        EV: 14    Int: 12    God:    Okawaru [**....]
Gold:   162        SH:  6    Dex: 18    Spells: 7/7 levels left

rFire    + . .     SeeInvis .   b - +2 short sword (venom)
rCold    . . .     Faith    .   g - +0 buckler
rNeg     . . .     Spirit   .   m - +2 ring mail {rF+}
rPois    .         Reflect  .   (no helmet)
rElec    .         Harm     .   (no cloak)
rCorr    .         Rampage  .   (no gloves)
Will     .....                  (no boots)
Stlth    ++........             (no amulet)
HPRegen  0.16/turn              (no ring)
MPRegen  0.11/turn              (no ring)

@: no status effects
A: small, no large weapons, nightstalker 3
a: Renounce Religion, Heroism


You were on level 5 of the Dungeon.
You worshipped Okawaru.
Okawaru was pleased with you.
You visited 2 branches of the dungeon, and saw 6 of its levels.

You collected 162 gold pieces.

Inventory:

Hand Weapons
 a - a +1 hand crossbow
 b - a +2 short sword of venom (weapon)
Missiles
 d - 37 bolts
 f - 14 curare-tipped darts (quivered)
 p - 5 atropa-tipped darts
Armour
 g - a +0 buckler (worn)
 m - a +2 ring mail of fire resistance (worn)
Jewellery
 s - a ring of poison resistance
Wands
 n - a wand of iceblast (7)
Scrolls
 c - 5 scrolls of identify {unknown}
 e - 4 scrolls of magic mapping {unknown}
 i - 2 scrolls of fear {unknown}
 l - a scroll of teleportation {unknown}
 o - a scroll of holy word {unknown}
 q - a scroll of amnesia {unknown}
 r - a scroll of brand weapon {unknown}
Potions
 h - a potion of haste
 j - 3 potions of curing {unknown}
 k - 2 potions of mutation {unknown}


   Skills:
 + Level 4.7 Fighting
 * Level 7.2 Short Blades
 + Level 6.7 Crossbows
 + Level 5.1 Dodging
 - Level 1.3 Stealth
 + Level 3.0 Shields


You had 7 spell levels left.
You didn't know any spells.
Your spell library contained the following spells:

 Spells                   Type           Power      Damage    Failure   Level
 Summon Small Mammal      Summ           0%         N/A       77%         1
 Call Imp                 Summ           0%         N/A       88%         2
 Call Canine Familiar     Summ           0%         N/A       98%         3
 Summon Guardian Golem    Hex/Summ       0%         N/A       98%         3
 Summon Ice Beast         Ice/Summ       0%         N/A       100%        4
 Summon Lightning Spire   Summ/Air       0%         N/A       100%        4


Dungeon Overview and Level Annotations

Branches:
Dungeon (5/15)             Temple (1/1) D:5

Altars:
Cheibriados
Dithmenos
Fedhas
Gozag
Hepliaklqana
Kikubaaqudgha
Nemelex Xobeh
Okawaru
Trog
Uskayaw
Wu Jian
Yredelemnul
Zin
The Shining One


Innate Abilities, Weirdness & Mutations

You are small and have problems with some larger weapons.
You are completely attuned to the shadows.


Message History

The centaur closely misses you.
You hit the centaur.
The centaur looks as sick as possible!
The centaur is heavily wounded.
The centaur barely misses you. You block the centaur's attack.
The white imp gestures at you. The puff of frost hits you.
You hit the centaur.
The centaur looks as sick as possible!
The centaur is heavily wounded.
The centaur closely misses you. The centaur misses you.
The white imp closely misses you.
The centaur hits you but does no damage.
The centaur kicks you but does no damage.
You hit the white imp but do no damage. The centaur barely misses you.
The centaur kicks you but does no damage.
You block the white imp's attack.
You hit the white imp.
The white imp is lightly wounded.
You kill the centaur!
Okawaru accepts your kill. The white imp closely misses you.
Your Shields skill increases to level 3!
You hit the white imp.
The white imp is lightly wounded.
The white imp gestures at you. The puff of frost hits you.
You closely miss the white imp.
The white imp is lightly wounded.
You closely miss the white imp.
The white imp is lightly wounded.
You block the white imp's attack.
You hit the white imp.
The white imp is moderately wounded.
The white imp gestures at you. The puff of frost hits you!
* * * LOW HITPOINT WARNING * * *
You hit the white imp but do no damage.
The white imp is moderately wounded.
The white imp gestures at you. The puff of frost hits you!
You die...

#......'......# #...
#......#......# #.##
#..##..#......# #.#.
#..##..###....# #.##
.........+....# #.#.
.........#....####### ##.##
#........#....#.....# #..#.
#..#######....#..)..# #..##
#..#..........#.@...# #....
#..#..........#.5...# #.###
...#..........'.....#########.#
...+..........#?....##........#
####..........########.....####
#..#......#####......'.....#
#..#......#........)##.....######
#..#......#.........##.....#.....
##'#..[...#'###.....#......#.....


You could see a white imp.

Vanquished Creatures
  Duvessa (D:4)
  4 ogres (D:5)
  A centaur (D:5)
  Dowan (D:4)
  A water moccasin zombie (D:5)
  2 scorpions (D:5)
  A wyvern skeleton (D:5)
  A water moccasin skeleton (D:5)
  A hound (D:5)
  A bullfrog skeleton (D:5)
  A scorpion zombie (D:5)
  An orc wizard (D:5)
  A hound skeleton (D:4)
  5 adders
  4 gnolls
  A worm (D:2)
  2 dart slugs (D:1)
  9 orcs
  2 ball pythons (D:2)
  3 bats
  2 endoplasms
  4 giant cockroaches
  5 goblins
  2 hobgoblins (D:2)
  7 jackals
  5 quokkas
  2 frilled lizards
  6 kobolds
  5 rats
81 creatures vanquished.

Notes
Turn   | Place    | Note
-------+----------+-------------------------------------------
     0 | D:1      | Mels the Kobold Hunter began the quest for the Orb.
     0 | D:1      | Reached XP level 1. HP: 12/12 MP: 1/1
   115 | D:1      | Reached skill level 1 in Short Blades
   324 | D:1      | Reached XP level 2. HP: 12/18 MP: 2/2
   838 | D:1      | Found a faded altar of an unknown god.
   920 | D:1      | Reached skill level 5 in Crossbows
  1032 | D:1      | Reached XP level 3. HP: 22/22 MP: 3/3
  1367 | D:2      | Reached skill level 2 in Short Blades
  2154 | D:2      | Reached XP level 4. HP: 20/27 MP: 4/4
  2633 | D:3      | Reached skill level 3 in Short Blades
  2643 | D:3      | Reached XP level 5. HP: 28/32 MP: 5/5
  2648 | D:3      | Reached skill level 1 in Shields
  3428 | D:4      | Noticed Duvessa
  3444 | D:4      | Killed Duvessa
  3445 | D:4      | Reached skill level 4 in Short Blades
  3445 | D:4      | Reached XP level 6. HP: 15/37 MP: 6/6
  3717 | D:4      | Noticed Dowan
  3721 | D:4      | Killed Dowan
  4359 | D:5      | Entered Level 5 of the Dungeon
  4417 | D:5      | Found a staircase to the Ecumenical Temple.
  4499 | Temple   | Entered the Ecumenical Temple
  4594 | Temple   | Became a worshipper of Warmaster Okawaru
  4633 | D:5      | Noticed an ogre
  4639 | D:5      | Killed an ogre
  4640 | D:5      | Reached skill level 5 in Short Blades
  4640 | D:5      | Reached XP level 7. HP: 42/42 MP: 7/7
  4835 | D:5      | Reached * piety under Okawaru
  5065 | D:5      | Reached skill level 6 in Short Blades
  5173 | D:5      | Reached XP level 8. HP: 48/48 MP: 8/8
  5409 | D:5      | Reached skill level 5 in Dodging
  5603 | D:5      | Reached skill level 7 in Short Blades
  5788 | D:5      | Reached ** piety under Okawaru
  5793 | D:5      | Killed from afar by a white imp

Illustrated notes

Levels and vault maps discovered:
D:1:      ncdulo_lavacross, layout_basic, shapermc_ecumenical_altar_gd
D:2:      layout_basic
D:3:      layout_basic
D:4:      layout_basic, corexii_shack, kennysheep_generic_room_3, uniq_duvessa
D:5:      layout_gridville, minmay_temple_entry_butterflies, grunt_tough_drop
Temple:   zaba_magenta_temple

Skill      XL: |  1  2  3  4  5  6  7  8 |
---------------+-------------------------+-----
Short Blades   | 1 2 3 4 5 6 7 |  7.2
Crossbows      | 5 6 |  6.7
Dodging        | 3 4 5 |  5.1
Fighting       | 3 4 |  4.7
Shields        | 1 2 3 |  3.0
Stealth        | |  1.3

Action                   |  1- 3 |  4- 6 |  7- 9 || total
-------------------------+-------+-------+-------++-------
Melee: Short sword       |   119 |    89 |   106 ||   314
 Fire: Hand crossbow     |     6 |     8 |       ||    14
 Stab: Sleeping          |     9 |     6 |     6 ||    21
Armor: Leather armour    |    10 |       |       ||    10
       Ring mail         |    34 |    20 |    21 ||    75
Dodge: Dodged            |    90 |    35 |    45 ||   170
Block: Buckler           |    25 |    20 |    19 ||    64

Table legend: (Time is in decaauts)
 A = Elapsed time spent in this place.
 B = Non-inter-level travel time spent in this place.
 C = Inter-level travel time spent in this place.
 D = Time resting spent in this place.
 E = Time spent auto-exploring this place.
 F = Levels seen in this place.
 G = Mean time per level.
                   A        B        C        D        E       F      G
               +--------+--------+--------+--------+--------+-----+--------+
         Total |   5784 |   5638 |    146 |    235 |   4600 |   6 |  964.0 |
       Dungeon |   5673 |   5550 |    123 |    235 |   4515 |   5 | 1134.6 |
        Temple |    110 |     87 |     23 |      0 |     85 |   1 |  110.0 |
               +--------+--------+--------+--------+--------+-----+--------+

Top non-repeatable levels by time:
     D:1: 1361 daAuts
     D:5: 1307 daAuts
     D:2: 1134 daAuts
     D:4: 999 daAuts
     D:3: 871 daAuts
  Temple: 110 daAuts
